 Dungeon Crawl Stone Soup version 0.30.1-9-gdf580d7c3d (webtiles) character file.

Game seed: 16349763773384805527

522 pkoi the Slasher (level 7, -13/60 HPs)
             Began as a Minotaur Gladiator on Oct 8, 2023.
             Was an Initiate of Dithmenos.
             Mangled by an ogre
             ... wielding a +0 giant spiked club
              (21 damage)
             ... on level 5 of the Dungeon.
             The game lasted 00:05:28 (4096 turns).

pkoi the Slasher (Minotaur Gladiator)               Turns: 4096, Time: 00:05:29

Health: -13/60     AC:  9    Str: 21      XL:     7   Next: 2%
Magic:  6/6        EV: 12    Int:  4 (5)  God:    Dithmenos [......]
Gold:   243        SH:  5    Dex: 11      Spells: 6/6 levels left

rFire   . . .        f - +0 great sword
rCold   + . .        (shield currently unavailable)
rNeg    . . .        o - +3 ring mail {rC+}
rPois   .            c - +1 hat
rElec   .            (no cloak)
rCorr   .            (no gloves)
SInv    .            (no boots)
Will    .....        i - amulet of reflection
Stlth   +            (no ring)
HPRegen 0.30/turn    (no ring)
MPRegen 0.10/turn

%: reflection
@: no status effects
A: horns 2, retaliatory headbutt, deterioration 1
a: Renounce Religion


You were on level 5 of the Dungeon.
You worshipped Dithmenos.
Dithmenos was noncommittal.
You visited 1 branch of the dungeon, and saw 5 of its levels.

You collected 243 gold pieces.

Inventory:

Hand Weapons
 a - a +0 long sword
 f - a +0 great sword (weapon)
Missiles
 d - 3 throwing nets (quivered)
 e - a javelin
Armour
 b - a +0 leather armour
 c - a +1 hat (worn)
 n - the +1 robe of Erobbobb {+Inv Str+3 Slay+2}
   (You found it on level 4 of the Dungeon)

   Str:       It affects your strength (+3).
   Slay:      It affects your accuracy & damage with ranged weapons and melee
   (+2).
   +Inv:      It lets you turn invisible.
 o - a +3 ring mail of cold resistance (worn)
Jewellery
 i - an amulet of reflection (around neck)
Scrolls
 k - 2 scrolls of identify
 p - a scroll of immolation {unknown}
Potions
 g - 2 potions of resistance
 h - a potion of cancellation
 j - a potion of lignification
 l - a potion of haste
 m - a potion of curing


   Skills:
 + Level 4.9 Fighting
 + Level 5.7 Long Blades
 - Level 2.0 Throwing
 + Level 4.2 Armour
 + Level 5.1 Dodging


You had 6 spell levels left.
You didn't know any spells.
Your spell library contained the following spells:

 Spells                   Type           Power      Damage    Failure   Level
 Call Canine Familiar     Summ           0%         N/A       95%         3
 Gell's Gravitas          Tloc           0%         N/A       95%         3
 Portal Projectile        Hex/Tloc       0%         N/A       95%         3
 Stone Arrow              Conj/Erth      0%         3d7       95%         3
 Teleport Other           Tloc           0%         N/A       95%         3
 Animate Armour           Summ/Erth      0%         N/A       100%        4
 Leda's Liquefaction      Hex/Erth       0%         N/A       100%        4
 Dispersal                Tloc           0%         N/A       100%        6
 Lehudib's Crystal Spear  Conj/Erth      0%         10d2      100%        8


Dungeon Overview and Level Annotations

Branches:
Dungeon (5/15)
 Temple: D:4-7

Altars:
Cheibriados
Dithmenos
Nemelex Xobeh
Uskayaw

Shops:
D:3 :


Innate Abilities, Weirdness & Mutations

You have a pair of horns on your head.
You reflexively headbutt those who attack you in melee.
Your body sometimes deteriorates upon taking damage.


Message History

Dithmenos welcomes you!
m - a potion of curing A hound comes into view.
The hound barks!
A hound is nearby!
Found a scroll labelled BIFUZE FEZETUM.
The hound bites you.
You miss the hound. You headbutt the hound!
The hound is severely wounded.
The hound bites you but does no damage. x2
You closely miss the hound.
The hound is severely wounded.
The hound barely misses you. You block the hound's attack.
You barely miss the hound.
The hound is severely wounded.
You block the hound's attack. The hound bites you but does no damage.
You closely miss the hound.
The hound is severely wounded.
You block the hound's attack. The hound completely misses you.
You furiously retaliate!
You headbutt the hound!
You kill the hound!
Dithmenos accepts your kill.
You have reached level 7!
You now have 243 gold pieces (gained 4).
p - a scroll labelled BIFUZE FEZETUM An ogre comes into view.
It is wielding a +0 giant spiked club.
The ogre shouts!
An ogre is nearby!
The ogre hits you with a +0 giant spiked club!
You barely miss the ogre. Your headbutt misses the ogre.
The ogre hits you with a +0 giant spiked club!!
Your body deteriorates!
You feel dopey.
You are too injured to fight recklessly!
You hit the ogre but do no damage. Your headbutt misses the ogre.
The ogre hits you with a +0 giant spiked club!!
* * * LOW HITPOINT WARNING * * *
You hit the ogre but do no damage. The ogre misses you.
You hit the ogre.
The ogre is lightly wounded.
The ogre hits you with a +0 giant spiked club!!
You die...

#...###..#..###.#
#....##.....##..#
#................
#..##.........##
#.####..._...##
#..##.........##..
#.................
#.#..##.....##..##
#@..###..#..## ..#
##O.##..###..# ..
#......# #.......
#.####..#...#....
.. ............ ..
...#####....
.....#. .... ....
. ... . ###


You could see an ogre.

Vanquished Creatures
  Duvessa (D:4)
  An ogre (D:5)
  Dowan (D:4)
  A hound (D:5)
  An iron imp (D:3)
  2 iguanas
  2 orc wizards
  A gnoll (D:4)
  An adder (D:2)
  2 white imps
  An ufetubus (D:5)
  A dart slug (D:4)
  9 orcs
  8 bats
  8 endoplasms
  5 giant cockroaches
  5 goblins
  5 hobgoblins
  9 kobolds
  4 quokkas
  8 ball pythons
  3 frilled lizards
  12 rats
91 creatures vanquished.

Notes
Turn   | Place    | Note
-------+----------+-------------------------------------------
     0 | D:1      | pkoi the Minotaur Gladiator began the quest for the Orb.
     0 | D:1      | Reached XP level 1. HP: 18/18 MP: 0/0
   275 | D:1      | Reached XP level 2. HP: 15/25 MP: 1/1
   444 | D:1      | Reached skill level 1 in Armour
  1266 | D:2      | Reached XP level 3. HP: 30/31 MP: 2/2
  1418 | D:2      | Found a faded altar of an unknown god.
  1880 | D:3      | Found Namn's Book Emporium.
  2056 | D:3      | HP: 1/31 [something (2)]
  2074 | D:3      | Reached XP level 4. HP: 17/38 MP: 3/3
  2402 | D:3      | Found a snail-covered altar of Cheibriados.
  2413 | D:3      | Reached XP level 5. HP: 29/46 MP: 4/4
  2878 | D:4      | Identified the +1 robe of Erobbobb {+Inv Str+3 Slay+2}
  2914 | D:4      | HP: 2/46 [poisoned by an orc wizard]
  3090 | D:4      | Noticed Duvessa
  3090 | D:4      | Noticed Dowan
  3116 | D:4      | Killed Duvessa
  3117 | D:4      | Reached skill level 5 in Long Blades
  3117 | D:4      | Reached XP level 6. HP: 24/53 MP: 5/5
  3250 | D:4      | Killed Dowan
  3329 | D:4      | Found a hide-covered altar of Uskayaw.
  3552 | D:4      | Gained mutation: Your body sometimes deteriorates upon
                  | taking damage. [potion of mutation]
  3637 | D:4      | Found a sparkling altar of Nemelex Xobeh.
  3873 | D:5      | Entered Level 5 of the Dungeon
  3880 | D:5      | Reached skill level 5 in Dodging
  4025 | D:5      | Found a shadowy altar of Dithmenos.
  4033 | D:5      | Became a worshipper of Dithmenos the Shadowed
  4056 | D:5      | Reached XP level 7. HP: 60/60 MP: 6/6
  4096 | D:5      | Mangled by an ogre

Illustrated notes

Levels and vault maps discovered:
D:1:      psy_arrival_radial02, layout_basic, serial_aquarium,
          aquarium_bridge_straight [aquarium_subvault_bridge,
          aquarium_subvault_balcony, aquarium_subvault_bridge,
          aquarium_subvault_window], aquarium_bridge_long_separate
          [aquarium_subvault_wall, aquarium_subvault_wall,
          aquarium_subvault_bridge, aquarium_subvault_wall,
          aquarium_subvault_window, aquarium_subvault_bridge],
          aquarium_window_fake, aquarium_window_corridor_1, aquarium_window_2,
          aquarium_view_2b
D:2:      layout_basic, chequers_ecumenical_altar_island,
          kennysheep_generic_room_9
D:3:      layout_loops_ring, chei_slow_surprise, portal_sewer_entry_b,
          serial_shops, nicolae_book_shop_shelving, serial_forest,
          infiniplex_forest_clump_cross, infiniplex_forest_clump_curved,
          infiniplex_forest_clump_double, infiniplex_forest_lined_4_way,
          infiniplex_forest_straight_2, infiniplex_forest_corner_2,
          minmay_fountain_box, minmay_circle_x
D:4:      layout_basic, eat_drink_and_be_merry_uskayaw,
          nemelex_diamond_rough_becter, minmay_pentomino_pile, uniq_duvessa
D:5:      layout_cave_pods, mainiacjoe_overflow_catwalk,
          nicolae_dithmenos_shadow_blocks, mainiacjoe_overflow_24_doors,
          temple_fountains, minivault_11, grunt_decor_one_mirror,
          grunt_decor_clamped, kennysheep_generic_room_10, uniq_sigmund,
          uniq_prince_ribbit1

Skill      XL: |  1  2  3  4  5  6 |
---------------+-------------------+-----
Armour         | 1 2 3 4 |  4.2
Long Blades    | 4 5 |  5.7
Fighting       | 3 4 |  4.9
Dodging        | 4 5 |  5.1
Throwing       | |  2.0

Action                     |  1- 3 |  4- 6 |  7- 9 || total
---------------------------+-------+-------+-------++-------
  Melee: Long sword        |   105 |     1 |       ||   106
         Punch             |     4 |       |       ||     4
         Headbutt          |     9 |    24 |       ||    33
         Great sword       |       |    89 |     4 ||    93
    Use: Scroll            |     5 |     2 |       ||     7
         Potion            |     7 |     2 |       ||     9
   Stab: Sleeping          |     1 |       |       ||     1
 Armour: Leather armour    |    27 |     8 |       ||    35
         Skin              |    11 |       |       ||    11
         Robe              |       |     3 |       ||     3
         Ring mail         |       |    17 |       ||    17
  Dodge: Dodged            |    74 |    51 |     1 ||   126
  Block: Other             |       |    24 |       ||    24
         Reflection        |       |     1 |       ||     1
